← All builds
Suicide front / Armada / Factory first / OBSERVED BUILD

Standard suicide front

Armada Suicide front build order · Supreme Isthmus

The role's standard play: bot lab first, Rocketeer/Centurion/Pawn based force pushes into the middle to contest and hold it until T2 arrives.

Usually lab first (63%)

#rush #push · 1309 distinct matches · 127 players · 71% of Armada Suicide front games · team won 59% of 1550 · Recently observed

HOW TO PLAY IT

Key timing: Bot Lab by 0:20

  1. Open with mex and wind, drop Bot Lab immediately.
  2. Push out first "Centurion" as Pond's boost lands.
  3. Send "Rocketeer", "Centurion", "Pawn" mix to contest middle.
  4. Add Dragon's Teeth and Sentries to hold the line.
  5. Get Advanced Metal Extractor up as T2 nears.

Phase by phase

TYPICAL OF ITS 1309 GAMES
  1. 1
  2. 2
  3. 3
PLAY THE OPENING

Follow the example game's first 6:00 step by step: what to build now, what comes next, and where it goes. At 1× it keeps pace with your own game.

  1. 1

    Bot Lab first

    Order
    1. Bot LabBot Lab done ~0:20, middle half 0:20–0:33

    Some games also: mex (37%)

  2. 2

    Bot Lab to 5:00

    Economy
    • Metal Extractor5Mex
    • Wind Turbine4Wind
    Builders
    • Construction Bot3 Con bot
    • Lazarus2 Lazarus
    Army
    • Sentry4 Sentry
    • Rocketeer17 Rocketeer
    • Tick2 Tick
    • Centurion1 Centurion
    Other
    • Radar Tower1 Radar Tower

    Some games also: con turret (35%) · pawn (33%)

    By 5:00 in all: 5 mex · 4 wind

    The example game in this phase · 23 steps
    1. Wind
    2. LazarusLazarus
    3. CenturionCenturion
    4. Wind ×2
    5. CenturionCenturion
    6. LazarusLazarus
    7. Mex
    8. Radar TowerRadar Tower
    9. Construction BotCon bot
    10. SentrySentry
    11. Mex
    12. Construction BotCon bot ×2
    13. SentrySentry
    14. CenturionCenturion ×2
    15. LazarusLazarus
    16. CenturionCenturion
    17. Mex
    18. CenturionCenturion
    19. LazarusLazarus
    20. CenturionCenturion ×2
    21. LazarusLazarus
    22. CenturionCenturion ×2
    23. Mex
  3. 3

    5:00 to 10:00

    Economy
    • Metal Extractor1Mex
    • Wind Turbine17Wind
    Builders
    • Construction Turret2 Con turret
    • Lazarus2 Lazarus
    • Construction Bot1 Con bot
    Army
    • Sentry1 Sentry
    • Rocketeer8 Rocketeer
    • Pawn1 Pawn

    Some games also: tick (47%) · Radar Tower (46%) · energy storage (46%) · centurion (45%) · Beamer (39%)

    By 10:00 in all: 6 mex · 23 wind · 1 energy storage · 3 con turret

    The example game in this phase · 124 steps
    1. NettleNettle
    2. Construction BotCon bot
    3. Mex
    4. Wind
    5. Construction BotCon bot
    6. Mex
    7. CenturionCenturion
    8. Wind
    9. LazarusLazarus
    10. Wind
    11. SentrySentry
    12. CenturionCenturion
    13. Wind
    14. CenturionCenturion
    15. LazarusLazarus
    16. Wind
    17. CenturionCenturion
    18. Wind ×3
    19. CenturionCenturion
    20. NettleNettle
    21. Wind ×2
    22. LazarusLazarus
    23. Wind
    24. LazarusLazarus ×2
    25. Wind
    26. Advanced Metal ExtractorT2 mexdone 8:52 · typical 9:36
    27. LazarusLazarus
    28. Wind
    29. CenturionCenturion
    30. Wind
    31. Radar TowerRadar Tower
    32. Mex
    33. Wind
    34. CenturionCenturion
    35. Wind ×2
    36. Construction BotCon bot
    37. Wind ×2
    38. Construction BotCon bot
    39. Wind
    40. LazarusLazarus
    41. Con turret
    42. Wind
    43. CenturionCenturion
    44. Wind
    45. Advanced Metal ExtractorT2 mex
    46. CenturionCenturion
    47. Wind ×2
    48. LazarusLazarus
    49. CenturionCenturion
    50. TickTick ×2
    51. Wind
    52. TickTick ×2
    53. Con turret
    54. TickTick
    55. Advanced Metal ExtractorT2 mex
    56. TickTick
    57. Wind
    58. TickTick ×3
    59. Wind
    60. TickTick ×3
    61. Wind
    62. TickTick ×2
    63. Wind
    64. TickTick ×2
    65. Pit BullPit Bull
    66. TickTick ×2
    67. Wind ×2
    68. Energy storage
    69. TickTick ×2
    70. Wind
    71. TickTick
    72. Advanced Metal ExtractorT2 mex
    73. TickTick
    74. Wind
    75. TickTick ×2
    76. Wind ×2
    77. TickTick
    78. Pit BullPit Bull ×2
    79. TickTick
    80. Wind
    81. TickTick ×4
    82. Wind ×2
    83. TickTick ×5
    84. Wind
    85. TickTick ×5
    86. Wind
    87. TickTick
    88. Wind
    89. TickTick ×5
    90. Wind
    91. TickTick ×5
    92. Wind ×2
    93. TickTick
    94. RattlesnakeRattlesnakenot finished by 15:00
    95. TickTick ×2
    96. RattlesnakeRattlesnake
    97. TickTick ×2
    98. Wind
    99. TickTick ×5
    100. Wind
    101. TickTick ×2
    102. Wind
    103. TickTick ×4
    104. Wind
    105. TickTick ×5
    106. Wind
    107. TickTick
    108. Wind
    109. TickTick ×4
    110. Wind ×3
    111. Construction BotCon bot
    112. Advanced Metal ExtractorT2 mex
    113. Construction BotCon bot
    114. Wind
    115. TickTick
    116. Wind ×2
    117. TickTick
    118. Wind
    119. TickTick ×3
    120. Wind ×2
    121. TickTick ×5
    122. Advanced Radar TowerAdvanced Radar Tower
    123. Wind
    124. TickTick ×4

Counts are medians over the build's games: half of them build more, half fewer. The example game is Pitacupateu's (37 OS, 25/08/2026); pick another.

Team trades

IN AT LEAST 30% OF ITS GAMES

You hand over

Nothing regular.

You get

  • Tidal Generator4 Tidal from Pondfirst at 0:10 · in 69% of games
  • Advanced Construction Bot1 T2 con bot from Geo or Techfirst at 7:30 · in 59% of games

How it plays out

Typical game of this build, running totals by minute

Metal produced

010k20k30k
0:005:0010:0015:00

metal

Enemy metal destroyed

05k10k
0:005:0010:0015:00

metal

Own metal lost

05k10k
0:005:0010:0015:00

metal

1550 games.

Show as table
ByMetal produced: This buildEnemy metal destroyed: This buildOwn metal lost: This build
1:0022600
2:0088900
3:002051180106
4:003161660496
5:00424314171026
6:00543423001787
7:00667231752706
8:00792440303613
9:00931647974495
10:001069854325318
11:001225359116059
12:001410665186829
13:001622670297536
14:001809577098373
15:002043283489240
WHAT THE NUMBERS SAY

Standard suicide front play wins slightly more than half its games with fast kills but also fast losses, matching the raw grind of the role.

  • + First kill lands by 2:04 in all games
  • + Metal produced reaches 19882 by 15:00
  • − Own metal lost hits 9208 by 15:00, near metal destroyed of 8172
  • − First unit lost as early as 2:08 in every game
THE EXAMPLE YOU ARE READING

Pitacupateu

37.4 OS · 25/08/2026

Open source match ↗

14 received units · includes a constructor
95 metal received · 19490 energy received

Allied construction assistance is unknown. Timings are observations, not a promise of solo reproducibility.

Typical milestones

Bot Lab0:20Middle 50%: 0:20–0:33 · n=1543
Advanced Metal Extractor9:36Middle 50%: 8:42–10:48 · n=1143

Played most by

_X_253games of this buildPlatinumBlonde181games of this buildXad127games of this buildImmort74games of this buildwatermeloans60games of this build